 Dungeon Crawl Stone Soup version 0.31-a0-234-gad7ace16ef (webtiles) character file.

Game seed: 17266538985571918443

385 qw the Shooter (level 6, -7/37 HPs)
             Began as a Gargoyle Hexslinger on July 9, 2023.
             Mangled by Duvessa
             ... wielding a +0 short sword
              (8 damage)
             ... on level 4 of the Dungeon.
             The game lasted 00:01:27 (3233 turns).

qw the Shooter (Gargoyle Hexslinger)                Turns: 3233, Time: 00:01:27

Health: -7/37      AC: 10    Str: 11    XL:     6   Next: 77%
Magic:  7/7        EV: 10    Int: 14    God:
Gold:   151        SH:  0    Dex: 14    Spells: 6/7 levels left

rFire   . . .        Y - +2 sling
rCold   . . .        (no shield)
rNeg    + . .        e - +0 ring mail
rPois   inf          (no helmet)
rElec   +            (no cloak)
rCorr   .            (no gloves)
SInv    .            g - +0 pair of boots
Will    .....        (no amulet)
Stlth   +            (no ring)
HPRegen 0.26/turn    (no ring)
MPRegen 0.10/turn

%: no passive effects
@: no status effects
A: sickness immunity, AC +4, negative energy resistance 1, electricity
resistance, torment resistance 1, petrification resistance
a: no special abilities


You were on level 4 of the Dungeon.
You visited 1 branch of the dungeon, and saw 4 of its levels.

You collected 229 gold pieces.
You spent 78 gold pieces at shops.


Innate Abilities, Weirdness & Mutations

You are immune to sickness and miasma.
Your stone body is resilient. (AC +4)
You are immune to poison.
You resist negative energy. (rN+)
You are resistant to electric shocks. (rElec)
You are resistant to unholy torment.
You are immune to petrification.


   Skills:
 + Level 3.6 Fighting
 - Level 6.0 Ranged Weapons
 - Level 1.0 Armour
 - Level 1.5 Dodging
 - Level 1.0 Spellcasting
 - Level 2.6 Hexes


You had 6 spell levels left.
You knew the following spells:

 Your Spells              Type           Power      Damage    Failure   Level
a - Slow                  Hex            32%        N/A       21%         1

Your spell library contained the following spells:

 Spells                   Type           Power      Damage    Failure   Level
 Inner Flame              Hex/Fire       4%         N/A       71%         3
 Portal Projectile        Hex/Tloc       8%         N/A       71%         3
 Cause Fear               Hex            4%         N/A       90%         4

Inventory:

Hand Weapons
 Y - a +2 sling (weapon)
Armour
 e - a +0 ring mail (worn)
 g - a +0 pair of boots (worn)
Scrolls
 d - a scroll of blinking {unknown}
 k - 2 scrolls of identify
Potions
 a - a potion of might {unknown}
 b - a potion of mutation {unknown}
 h - 4 potions of curing
 i - a potion of enlightenment {unknown}
 j - 2 potions of lignification {unknown}

Dungeon Overview and Level Annotations

Branches:
Dungeon (4/15)
 Temple: D:4-7

Altars:
Makhleb
Qazlal
Trog

Shops:
D:2 !

Annotations:
D:4 Duvessa


Message History

Duvessa hits you but does no damage. Duvessa hits you with a +0 short sword.
You shoot a sling bullet.
The sling bullet hits Duvessa but does no damage.
Duvessa is lightly wounded.
Duvessa hits you with a +0 short sword! Duvessa closely misses you.
You shoot a sling bullet. The sling bullet hits Duvessa.
Duvessa is lightly wounded.
Duvessa hits you with a +0 short sword. The orc closely misses you.
Duvessa hits you with a +0 short sword!
You shoot a sling bullet. The sling bullet hits Duvessa!
Duvessa is moderately wounded.
Duvessa hits you with a +0 short sword! The orc hits you with a +0 club.
Duvessa closely misses you.
3229 ||| DRINKING potion of heal wounds.
You feel much better. The orc hits you with a +0 club.
Duvessa closely misses you.
You shoot a sling bullet. The sling bullet barely misses Duvessa.
Duvessa closely misses you.
The orc drinks a potion.
The orc goes berserk!
The orc closely misses you. Duvessa closely misses you.
The orc hits you but does no damage.
You hear an angry hiss.
You hear a shout!
You shoot a sling bullet. The sling bullet hits Duvessa.
Duvessa is moderately wounded.
Duvessa hits you with a +0 short sword! The orc misses you.
Duvessa hits you with a +0 short sword! The orc hits you but does no damage.
You shoot a sling bullet. The sling bullet hits Duvessa.
Duvessa is heavily wounded.
The orc hits you but does no damage. Duvessa hits you with a +0 short sword.
The orc barely misses you.
An orc comes into view. It is wielding a +0 dagger.
The orc hits you with a +0 club.
An adder comes into view.
Duvessa hits you with a +0 short sword.
You shoot a sling bullet.
The sling bullet hits Duvessa but does no damage.
Duvessa is heavily wounded.
The orc hits you but does no damage. Duvessa barely misses you.
The orc completely misses you. The orc closely misses you.
Duvessa hits you with a +0 short sword!
You die...

~~....#.#..#...#...#...#...#..
.~~..........#...#...#...#...#
..~~...........#...#...#...#..
~~...............#...#...#....
...................#...#(.....
.............###.#...#..###...
.............# #...#...###..#.
.............####e........<#
............)##.@o[.........#
#..........#.%..#o..)........
###.....#####.....~.~~~.~~~.~..#
#.....###....##.~...~.~...~..
#...........###S~~~.~.~.~~~.###
#..(.......####...~.~.~.~.....
#.....##..####.._...o....._.# #
#.....##..###.....~.~.~.~...# #
#.........##..).~~~.~.~.~~~.###


You could see Duvessa (berserk), an adder and 3 orcs.

Vanquished Creatures
  An ogre (D:3)
  A kobold brigand (D:4)
  Dowan (D:4)
  A hound (D:4)
  An iguana (D:4)
  A gnoll (D:1)
  4 adders
  4 dart slugs
  2 orcs
  8 ball pythons
  3 bats (D:1)
  9 endoplasms
  6 giant cockroaches
  6 goblins
  6 hobgoblins
  3 jackals (D:2)
  2 quokkas
  A frilled lizard (D:2)
  10 kobolds
  4 rats
74 creatures vanquished.

Notes
Turn   | Place    | Note
-------+----------+-------------------------------------------
     0 | D:1      | qw the Gargoyle Hexslinger began the quest for the Orb.
     0 | D:1      | Reached XP level 1. HP: 12/12 MP: 2/2
     0 | D:1      | 0 ||| qw: Version: 0.3-a-51-g015441d
     0 | D:1      | 0 ||| qw: Game counter: 4290
     0 | D:1      | 0 ||| qw: Melee chars always use a shield: true
     0 | D:1      | 0 ||| qw: God list: Okawaru
     0 | D:1      | 0 ||| qw: Allow faded altars: false
     0 | D:1      | 0 ||| qw: Do Orc after clearing Dungeon:15 true
     0 | D:1      | 0 ||| qw: Do second Lair branch before Depths: true
     0 | D:1      | 0 ||| qw: Lair rune preference: random
     0 | D:1      | 0 ||| qw: Goals: Normal
     0 | D:1      | 0 ||| PLANNING D:1-11
   184 | D:1      | Reached XP level 2. HP: 16/16 MP: 3/3
   219 | D:1      | Reached skill level 3 in Ranged Weapons
   463 | D:1      | Found a faded altar of an unknown god.
   470 | D:1      | Reached XP level 3. HP: 20/20 MP: 4/4
   904 | D:1      | 904 ||| UPGRADING to +0 ring mail.
   914 | D:1      | 914 ||| DROPPING +0 robe.
   915 | D:1      | 915 ||| UPGRADING to +0 pair of boots.
   920 | D:1      | 920 ||| DROPPING +6 ring of intelligence.
   921 | D:1      | 921 ||| DROPPING scroll of poison.
  1049 | D:2      | Reached skill level 1 in Armour
  1240 | D:2      | Reached XP level 4. HP: 26/26 MP: 5/5
  1503 | D:2      | Reached skill level 4 in Ranged Weapons
  1526 | D:2      | Found Xyusay's Distillery.
  1537 | D:2      | 1537 ||| SHOPLISTING potion of cancellation (104 gold, have
                  | 100).
  1537 | D:2      | 1537 ||| BUYING potion of curing (39 gold).
  1537 | D:2      | Bought a potion of curing for 39 gold pieces
  1537 | D:2      | 1537 ||| BUYING potion of curing (39 gold).
  1537 | D:2      | Bought a potion of curing for 39 gold pieces
  1537 | D:2      | 1537 ||| SHOPLISTING potion of curing (39 gold, have 22).
  1739 | D:2      | 1739 ||| READING 3 scrolls labelled ALENUM ZITAESH.
  1743 | D:2      | 1743 ||| READING scroll labelled HYFEUSMIGHU.
  1744 | D:2      | 1744 ||| READING scroll labelled PIQEXE QILOMY.
  1745 | D:2      | 1745 ||| DRINKING 2 orange potions.
  2008 | D:3      | Found a bloodstained altar of Trog.
  2039 | D:3      | Noticed an ogre
  2047 | D:3      | Killed an ogre
  2048 | D:3      | Reached skill level 5 in Ranged Weapons
  2048 | D:3      | Reached XP level 5. HP: 21/30 MP: 6/6
  2542 | D:3      | 2542 ||| READING scroll labelled JEOBEA PECVE.
  2543 | D:3      | 2543 ||| READING scroll labelled SOQUIS MIFAGEVI.
  2544 | D:3      | 2544 ||| READING 3 scrolls labelled PAYHITUFEI.
  2545 | D:3      | 2545 ||| READING scroll labelled XAXECLOXKO.
  2546 | D:3      | 2546 ||| DROPPING 2 scrolls of revelation.
  2648 | D:4      | Found a stormy altar of Qazlal.
  2786 | D:4      | Reached XP level 6. HP: 36/36 MP: 7/7
  2796 | D:4      | Noticed Duvessa
  2799 | D:4      | Noticed Dowan
  2803 | D:4      | HP: 8/36 [Duvessa/+0 short sword (5)]
  2804 | D:4      | 2804 ||| READING 2 scrolls of teleportation.
  2805 | D:4      | 2805 ||| DRINKING potion of heal wounds.
  2817 | D:4      | HP: 9/36 [Dowan/+0 dagger (4)]
  2818 | D:4      | 2818 ||| READING scroll of teleportation.
  2820 | D:4      | Killed Dowan
  2821 | D:4      | Reached skill level 3 in Fighting
  3061 | D:4      | Found a burning altar of Makhleb.
  3077 | D:4      | 3077 ||| Stepping ~*~*~tactically~*~*~ (outnumbered).
  3081 | D:4      | 3081 ||| Stepping ~*~*~tactically~*~*~ (outnumbered).
  3097 | D:4      | HP: 6/37 [kobold brigand/+1 short sword of venom (6)]
  3098 | D:4      | 3098 ||| READING scroll of teleportation.
  3098 | D:4      | HP: 2/37 [kobold brigand/+1 short sword of venom (5)]
  3099 | D:4      | 3099 ||| DRINKING 2 potions of heal wounds.
  3191 | D:4      | 3191 ||| PLANNING D:1-11
  3192 | D:4      | Reached skill level 6 in Ranged Weapons
  3228 | D:4      | HP: 6/37 [Duvessa/+0 short sword (9)]
  3229 | D:4      | 3229 ||| DRINKING potion of heal wounds.
  3232 | D:4      | HP: 1/37 [Duvessa/+0 short sword (2)]
  3233 | D:4      | Mangled by Duvessa

Levels and vault maps discovered:
D:1:      saegor_arrival_simple_e, layout_loops_corners,
          ebering_ecumenical_altar_abandoned, minmay_misc_feat_ornament,
          minmay_misc_feat_diagonals
D:2:      layout_loops_cross, serial_shops, nicolae_shop_statue_plus
D:3:      layout_loops_corners, overflow_temple_1_default
D:4:      layout_rooms, mainiacjoe_overflow_large_starburst,
          chequers_serial_rivers_small_b, ldierk_geyser, hex_large,
          minmay_pentomino_pile, uniq_duvessa

Skill      XL: |  1  2  3  4  5  6 |
---------------+-------------------+-----
Ranged Weapons | 3 5 6 |  6.0
Fighting       | 2 3 |  3.6
Armour         | 1 |  1.0
Dodging        | |  1.5
Spellcasting   | |  1.0
Hexes          | |  2.6

Action                     |  1- 3 |  4- 6 || total
---------------------------+-------+-------++-------
   Fire: Sling             |   108 |   219 ||   327
    Use: Scroll            |       |    10 ||    10
         Potion            |       |     4 ||     4
 Armour: Robe              |     2 |       ||     2
         Ring mail         |    19 |   111 ||   130
  Dodge: Dodged            |    37 |   122 ||   159

Table legend:
 A = Non-vault XP
 B = Vault XP
 C = Vault XP percentage of total XP
 D = Non-vault monster count
 E = Vault monster count
 F = Vault count percentage of total count
                 A         B        C        D         E       F
            +---------+---------+-------+---------+---------+-------
      Total |     344 |     207 |  37.6 |      71 |       3 |   4.1
            +---------+---------+-------+---------+---------+-------
        D:1 |      50 |       0 |   0.0 |      20 |       0 |   0.0
        D:2 |      68 |       0 |   0.0 |      24 |       0 |   0.0
        D:3 |     155 |       0 |   0.0 |      14 |       0 |   0.0
        D:4 |      71 |     207 |  74.5 |      13 |       3 |  18.8
            +---------+---------+-------+---------+---------+-------
